Map: 이터널 엠파이어 - 래더

Players

Has

  • Race: Protoss Protoss
  • Spawn Location: 7:00

Dark - Winner!

  • Race: Zerg Zerg
  • Spawn Location: 1:00

Event: IEM Katowice 2020

VOD

Have the link to the VOD?

Description

Time

  • Played on: Feb. 27, 2020, 7:54 a.m.
  • Length: 10:09

All games in this series

Show
View Real Time Build Order
Export as new Build Order

Has Protoss 

Build Orders: 1 Gate Expand, Phoenix Opening, Mass Adepts 

Get SALT Encoding   

  12  0:00  Probe  
  13  0:12  Probe  
  14  0:20  Pylon  
  14  0:24  Probe  
  15  0:30  Assimilator  
  15  0:38  Probe (Chrono Boost)  
  16  0:47  Probe (Chrono Boost), Gateway  
  17  0:52  Probe (Chrono Boost)  
  18  1:04  Probe  
  19  1:16  Probe  
  20  1:24  Nexus  
  20  1:34  Cybernetics Core  
  20  1:37  Probe  
  21  1:43  Assimilator  
  21  1:50  Pylon  
  21  1:52  Probe  
  22  2:04  Probe  
  23  2:09  Adept (Chrono Boost)  
  23  2:10  Stargate  
  25  2:16  Probe  
  25  2:20  Warp Gate  
  26  2:28  Probe  
  27  2:31  Adept  
  27  2:36  Probe (Chrono Boost)  
  31  2:46  Probe (Chrono Boost)  
  31  2:47  Probe (Chrono Boost)  
  32  2:52  Phoenix (Chrono Boost)  
  32  2:53  Probe (Chrono Boost)  
  32  2:54  Probe (Chrono Boost)  
  36  3:02  Probe  
  36  3:03  Gateway  
  36  3:05  Probe  
  38  3:12  Adept  
  40  3:18  Twilight Council  
  40  3:19  Probe  
  41  3:21  Probe  
  42  3:31  Probe  
  42  3:33  Probe  
  44  3:35  Pylon  
  44  3:44  Pylon  
  46  3:51  Resonating Glaives (Chrono Boost)  
  46  3:53  Gateway  
  46  3:54  Gateway  
  44  3:55  Phoenix  
  44  3:58  Probe  
  44  3:59  Probe  
  48  4:10  Probe  
  48  4:11  Probe  
  48  4:13  Adept  
  48  4:14  Adept  
  54  4:20  Phoenix (Chrono Boost)  
  52  4:29  Assimilator  
  52  4:30  Probe x2, Pylon, Assimilator  
  54  4:36  Adept  
  54  4:37  Pylon, Adept  
  58  4:48  Adept  
  58  4:49  Adept  
  58  4:50  Phoenix  
  64  4:56  Probe  
  64  4:57  Probe  
  64  4:59  Adept  
  68  5:00  Adept  
  70  5:09  Probe x2  
  72  5:14  Adept x2  
  72  5:17  Pylon  
  72  5:20  Phoenix  
  78  5:34  Nexus  
  78  5:37  Pylon  
  78  5:42  Stargate  
  78  5:45  Probe x2  
  80  5:52  Zealot  
  80  5:54  Phoenix (Chrono Boost)  
  84  5:58  Probe  
  84  5:59  Probe  
  86  6:05  Shield Battery  
  86  6:07  Adept x3  
  92  6:15  Phoenix (Chrono Boost)  
  92  6:24  Forge x2  
  90  6:33  Phoenix (Chrono Boost)  
  90  6:38  Phoenix (Chrono Boost)  
  86  6:44  Adept x3  
  86  6:45  Phoenix (Chrono Boost)  
  94  6:49  Adept  
  94  6:53  Probe  
  84  6:55  Phoenix  
  78  7:04  Adept  
  78  7:05  Adept x2  
  80  7:11  Adept  
  80  7:12  Probe x2  
  80  7:13  Probe  
  83  7:16  Protoss Ground Weapons Level 1 (Chrono Boost), Protoss Ground Armor Level 1 (Chrono Boost)  
  83  7:18  Pylon  
  83  7:28  Adept x3  
  83  7:32  Probe x3  
  83  7:37  Adept  
  83  7:44  Pylon  
  86  7:49  Adept x3  
  91  7:53  Probe x2  
  89  8:11  Adept x2  
  87  8:14  Probe  
  87  8:19  Probe x2  
  81  8:23  Pylon  
  81  8:26  Probe  
  82  8:27  Shield Battery  
  82  8:31  Probe x2  
  84  8:36  Sentry x2  
  84  8:38  Probe  
  89  8:43  Probe x2  
  91  8:50  Probe  
  91  8:55  Probe x2  
  92  9:02  Probe, Sentry  
  92  9:03  Sentry x2  
  92  9:07  Probe  
  100  9:10  Adept  
  98  9:26  Probe, Nexus  
  98  9:29  Pylon  
  99  9:40  Sentry  
  99  9:45  Sentry x2  
  97  9:49  Probe x2  
  97  9:52  Sentry  
Show
View Real Time Build Order
Export as new Build Order

Dark Zerg - Winner!

Build Orders: Hatch First 

Get SALT Encoding   

  12  0:00  Drone  
  13  0:12  Overlord  
  13  0:17  Drone  
  14  0:30  Drone x2  
  16  0:48  Hatchery  
  15  0:51  Drone  
  15  0:54  Drone  
  17  1:00  Drone  
  18  1:08  Extractor  
  17  1:15  Spawning Pool  
  17  1:17  Drone  
  17  1:20  Drone  
  18  1:29  Drone  
  19  1:38  Drone  
  20  1:46  Hatchery  
  19  1:50  Drone  
  20  2:01  Drone x2  
  21  2:04  Queen  
  24  2:14  Queen  
  26  2:21  Overlord  
  26  2:23  Drone  
  26  2:26  Drone  
  28  2:33  Metabolic Boost  
  28  2:39  Drone x3  
  31  2:44  Queen  
  31  2:47  Zergling x2  
  34  2:58  Queen  
  34  2:59  Overlord  
  34  3:00  Drone  
  37  3:06  Zergling x6  
  37  3:08  Zergling x2  
  41  3:13  Overlord  
  41  3:16  Drone  
  41  3:18  Drone  
  43  3:20  Drone  
  43  3:23  Drone x2  
  43  3:24  Drone  
  47  3:32  Overlord  
  47  3:33  Evolution Chamber  
  47  3:34  Drone  
  47  3:39  Queen  
  49  3:42  Drone  
  50  3:51  Spore Crawler x2, Drone  
  50  3:52  Drone x2  
  50  3:55  Drone x2  
  53  3:58  Drone  
  53  4:00  Drone  
  53  4:02  Drone  
  55  4:03  Drone  
  55  4:08  Zerg Melee Weapons Level 1  
  56  4:10  Spore Crawler, Extractor  
  56  4:12  Drone  
  56  4:13  Drone  
  56  4:16  Drone  
  57  4:22  Drone x2  
  58  4:29  Overlord, Baneling Nest  
  57  4:32  Overlord  
  57  4:35  Overlord  
  57  4:36  Drone  
  58  4:42  Overlord  
  58  4:46  Overlord  
  58  4:49  Drone x7  
  65  4:55  Zergling x10  
  70  5:02  Queen  
  70  5:05  Queen  
  74  5:17  Zergling x8  
  78  5:22  Baneling  
  78  5:24  Baneling x3  
  78  5:25  Baneling x2  
  78  5:26  Zergling x18  
  78  5:27  Baneling  
  78  5:28  Baneling  
  84  5:30  Zergling x2  
  85  5:36  Zergling x2  
  86  5:47  Lair, Queen  
  86  5:48  Zergling x6  
  86  5:49  Zergling x2  
  91  5:52  Drone  
  91  5:58  Drone x2  
  91  5:59  Roach Warren  
  91  6:03  Hatchery  
  91  6:04  Drone  
  91  6:11  Drone x2  
  92  6:15  Drone  
  91  6:20  Zergling x14  
  91  6:23  Baneling x9  
  98  6:26  Overlord  
  98  6:29  Extractor  
  98  6:30  Extractor  
  94  6:35  Zergling x2  
  94  6:36  Zergling x6, Baneling x7  
  97  6:41  Zergling x2  
  96  6:49  Zergling x8  
  96  6:50  Zergling x10  
  98  6:54  Zergling x2  
  98  7:00  Hatchery  
  92  7:01  Zergling x10  
  92  7:03  Queen  
  92  7:04  Queen  
  97  7:12  Zerg Melee Weapons Level 2  
  97  7:14  Zergling x10  
  96  7:16  Infestation Pit  
  96  7:18  Zergling x6  
  95  7:26  Queen  
  95  7:28  Drone x4  
  97  7:30  Drone  
  97  7:31  Drone  
  97  7:32  Drone  
  97  7:35  Drone x2  
  100  7:37  Drone  
  100  7:43  Drone x3  
  100  7:44  Drone x3  
  105  7:46  Drone, Baneling  
  105  7:47  Baneling  
  105  7:48  Baneling x2  
  108  7:57  Baneling  
  108  7:58  Baneling x4  
  108  8:00  Zergling x2  
  108  8:01  Zergling x10  
  107  8:12  Zergling x2  
  101  8:13  Zergling x12  
  101  8:17  Zergling x14  
  110  8:23  Hive  
  110  8:25  Drone  
  110  8:26  Spore Crawler, Drone x2  
  110  8:27  Drone x2  
  114  8:29  Zergling x4, Spore Crawler  
  114  8:33  Centrifical Hooks  
  115  8:34  Zergling x6  
  118  8:42  Overlord  
  118  8:43  Baneling x5, Overlord  
  118  8:45  Overlord  
  117  8:51  Baneling x3  
  116  9:01  Baneling x9  
  116  9:02  Zergling x18  
  122  9:04  Zergling x2  
  122  9:05  Hatchery  
  120  9:15  Drone x4  
  116  9:23  Zergling x20  
  116  9:24  Zergling x12  
  122  9:27  Zergling x10  
  127  9:38  Ultralisk Cavern  
  127  9:44  Zergling x16  
  127  9:45  Zergling x2  
  130  9:50  Zergling x8  

Tags
 
Add a new tag
Caveats
  • Supply blocks, unpowered buildings, or Contaminate may cause inaccurate times.
  • Supply counts are checked every 10 seconds.